 Dungeon Sprint DCSS version 0.19-a0-320-gcfc3c9c (webtiles) character file.

6146 Groucho the Fighter (level 10, -8/89 HPs)
             Began as a Demonspawn Monk on May 28, 2016.
             Was a Priest of Hepliaklqana.
             Killed by a mummy priest's death curse (23 damage)
             ... in the Dungeon (Sprint V: "Ziggurat Sprint").
             The game lasted 00:05:33 (1518 turns).

Groucho the Fighter (Demonspawn Monk)               Turns: 1518, Time: 00:05:34

Health: -8/89      AC: 29    Str: 27    XL:     10   Next: 59%
Magic:  0/14       EV: 10    Int: 12    God:    Hepliaklqana [***...]
Gold:   0          SH: 31    Dex: 22    Spells: 0 memorised, 9 levels left

rFire  . . .     SeeInvis +     a - +14 obsidian axe {chop, +Fly Str+3 SInv *Curse} (curse)
rCold  . . .     Gourm    .     j - +15 Maxwell's patent armour {-Cast -Tele rElec MR+ rCorr}
rNeg   + . .     Faith    .     k - +18 shield of the Gong {rElec rN+ MR+ EV-5}
rPois  .         Spirit   +     (helmet restricted)
rElec  +         Dismiss  .     (no cloak)
rCorr  +         Reflect  .     (no gloves)
SustAt .         Harm     .     (no boots)
MR     ++...     NoTele   +     (no amulet)
Stlth  .......... NoCast   +    q - +6 ring of strength
                                p - +6 ring of strength

@: very resistant to hostile enchantments, extremely unstealthy
A: horns 1, thin skeletal structure 2, spiny 1, magic shield
a: Recall Ancestor, Ancestor Identity, Transference, Renounce Religion, Evoke
Flight


You were in the Dungeon.
You worshipped Hepliaklqana.
Hepliaklqana was most pleased with you.
You were not hungry.

You visited 1 branch

Inventory:

Hand Weapons
 a - the cursed +14 obsidian axe (weapon) {chop, +Fly Str+3 SInv *Curse}
   (You found it in the Dungeon)

   It inflicts extra damage upon your enemies.
   It affects your strength (+3).
   It lets you see invisible.
   It lets you fly.
   It may re-curse itself when equipped.
   It has a curse placed upon it.
 H - a +1 morningstar of protection
Armour
 i - a +5 gold dragon armour
 j - the +15 Maxwell's patent armour (worn) {-Cast -Tele rElec MR+ rCorr}
   (You found it in the Dungeon)

   It insulates you from electricity.
   It affects your resistance to hostile enchantments.
   It prevents spellcasting.
   It prevents most forms of teleportation.
   It protects you from acid and corrosion.
 k - the +18 shield of the Gong (worn) {rElec rN+ MR+ EV-5}
   (You found it in the Dungeon)

   It affects your evasion (-5).
   It insulates you from electricity.
   It protects you from negative energy.
   It affects your resistance to hostile enchantments.
Jewellery
 p - a +6 ring of strength (left hand)
 q - a +6 ring of strength (right hand)
 I - the ring "Fusoick" {SInv Stlth+}
   (You found it in the Dungeon)

   [ring of see invisible]

   It lets you see invisible.
   It makes you more stealthy.
 J - the ring "Lyn Julo" {rC+ Stlth-}
   (You found it in the Dungeon)

   [ring of loudness]

   It protects you from cold.
   It makes you less stealthy.
 K - an uncursed amulet of dismissal
Wands
 l - a wand of disintegration (7/24)
 m - a wand of iceblast (5/15)
 n - a wand of lightning (5/15)
 o - a wand of acid (5/15)
Scrolls
 h - 4 scrolls of blinking
 x - 4 scrolls of amnesia
 y - 3 scrolls of recharging
 z - 7 scrolls of fog
 A - 5 scrolls of identify
 B - 5 scrolls of remove curse
 C - 2 scrolls of fear
 F - 5 scrolls of brand weapon
Potions
 c - 10 potions of curing
 d - 9 potions of heal wounds
 e - 7 potions of haste
 f - 7 potions of magic
 g - 3 potions of berserk rage
 r - 2 potions of brilliance
 s - 2 potions of invisibility
 t - 4 potions of resistance
 u - a potion of experience
 v - 5 potions of agility
 w - 5 potions of might
Comestibles
 b - 5 bread rations
 D - 42 fruits
 E - 4 meat rations
 G - a chunk of flesh


   Skills:
 * Level 11.9 Fighting
 * Level 9.7 Axes
 * Level 10.2 Armour
 * Level 10.9 Dodging
 - Level 1.7 Stealth
 * Level 9.7 Shields
 + Level 6.1 Unarmed Combat
 - Level 6.5 Invocations


You had 9 spell levels left.
You didn't know any spells.

Dungeon Overview and Level Annotations

Branches:
Dungeon (1/1)

Altars:
Ashenzari
Cheibriados
Dithmenos
Elyvilon
Fedhas
Gozag
Hepliaklqana
Kikubaaqudgha
Makhleb
Nemelex Xobeh
Okawaru
Pakellas
Qazlal
Ru
Sif Muna
Trog
Ukayaw
Vehumet
Xom
Yredelemnul
Zin
The Shining One
Beogh
Jiyva
Lugonu


Innate Abilities, Weirdness & Mutations

You have a pair of small horns on your head.
You have a moderately thin skeletal structure. (Dex +4, Stealth+)
You are partially covered in sharp spines.
When hurt, damage is shared between your health and your magic reserves.


Message History

PANG!
The wight barely misses you.
The neqoxec gestures.
The ushabti closely misses Septima.
Your red devil hits the ushabti from afar with a trident!!
You block the mummy priest's attack.
SHROANNG!
The orange demon stings you but does no damage.
Septima hits the ushabti with a long sword!
Unknown command.
Unknown command.
You hit the guardian mummy but do no damage.
You headbutt the guardian mummy, but do no damage.
The guardian mummy is lightly damaged.
You slash the mummy priest! You open a gate to Pandemonium!
A demon appears!
You break out of your daze!
You destroy the mummy priest!
You feel extremely nervous for a moment...
You convulse helplessly as pain tears through your body!
You die...

▓.........▓.......▓
▓▓▓▓▓▓▓▓▓▓▓▓▓▓▓▓▓▓▓▓▓
▓...8©8...▓...8©8...▓
▓..[}}:...▓..)3)3|..▓
▓..3.|.[..▓....\R|..▓
▓...3M3...▓.........▓
▓.z4MnM5..▓.........▓
▓.4.WM8.5.▓.........▓
▓...@RW...▓.........▓
▓....4....▓.▓..††.▓.▓
▓.........▓.........▓
▓.........▓▓▓▓▓▓▓▓▓▓▓
▓▓▓▓▓▓▓▓▓▓▓


You could see a greater mummy, a mummy priest, a sun demon, a shadow wraith
(invisible), an orange demon, a guardian mummy, an ushabti, a freezing wraith, 2
neqoxecs, a necrophage, a mummy, a wight, a shadow imp, an ufetubus, a friendly
orange demon, a friendly red devil and the friendly Septima the knight.

Vanquished Creatures
  A mummy priest (D)
  A shining eye (D)
  A naga mage (D)
  2 rime drakes (D)
  2 yaktaurs (D)
  A guardian mummy (D)
  A jumping spider (D)
  2 slime creatures (D)
  A flying skull (D)
  A tarantella (D)
  2 redbacks (D)
  A mottled dragon (D)
  2 nagas (D)
  2 giant eyeballs (D)
  A porcupine (D)
  3 water moccasins (D)
  2 swamp drakes (D)
  A phantom (D)
  2 necrophages (D)
  3 centaurs (D)
  3 scorpions (D)
  2 orc priests (D)
  A sheep (D)
  A mummy (D)
  2 adders (D)
  An orc (D)
  A ball python (D)
  A bat skeleton (D)
  A jackal zombie (D)
45 creatures vanquished.

Vanquished Creatures (collateral kills)
  A tarantella (D)
  A yak (D)
  A water moccasin (D)
  2 swamp drakes (D)
  An eye of draining (D)
  A wolf (D)
  A necrophage (D)
  2 adders (D)
  An adder zombie (D)
  A giant cockroach zombie (D)
  A jackal skeleton (D)
13 creatures vanquished.

Grand Total: 58 creatures vanquished

Notes
Turn   | Place    | Note
--------------------------------------------------------------
     0 | D        | Groucho the Demonspawn Monk began the quest for the Orb.
     0 | D        | Reached XP level 1. HP: 18/18 MP: 1/1
    10 | D        | Found a shimmering altar of Xom.
    11 | D        | Found a burning altar of Makhleb.
    11 | D        | Found an iron altar of Okawaru.
    11 | D        | Found a deep blue altar of Sif Muna.
    11 | D        | Found a radiant altar of Vehumet.
    11 | D        | Found a bloodstained altar of Trog.
    16 | D        | Found a sparkling altar of Nemelex Xobeh.
    17 | D        | Found a corrupted altar of Lugonu.
    17 | D        | Found a roughly hewn altar of Beogh.
    17 | D        | Found a white marble altar of Elyvilon.
    17 | D        | Found a viscous altar of Jiyva.
    17 | D        | Found a blossoming altar of Fedhas.
    35 | D        | Found a snail-covered altar of Cheibriados.
    76 | D        | Became a worshipper of Hepliaklqana
    76 | D        | Reached * piety under Hepliaklqana
    76 | D        | Reached ** piety under Hepliaklqana
    98 | D        | Remembered your ancestor Septima as a knight
   199 | D        | Entered arena 1.
   201 | D        | Reached skill level 4 in Fighting
   201 | D        | Reached skill level 1 in Armour
   201 | D        | Gained mutation: You have a somewhat thin skeletal structure. (Dex +2, Stealth) [demonic ancestry]
   201 | D        | Reached XP level 2. HP: 25/25 MP: 2/2
   311 | D        | Entered arena 2.
   314 | D        | Reached skill level 5 in Fighting
   314 | D        | Gained mutation: You have a moderately thin skeletal structure. (Dex +4, Stealth+) [demonic ancestry]
   314 | D        | Reached XP level 3. HP: 32/33 MP: 3/3
   317 | D        | Reached skill level 5 in Dodging
   317 | D        | Reached XP level 4. HP: 39/40 MP: 4/4
   541 | D        | Entered arena 3.
   541 | D        | Noticed a yak
   541 | D        | Noticed a wolf
   541 | D        | Noticed a porcupine
   544 | D        | Reached skill level 6 in Fighting
   544 | D        | Reached skill level 1 in Invocations
   545 | D        | Killed a wolf
   545 | D        | Reached XP level 5. HP: 41/47 MP: 2/6
   546 | D        | Killed a yak
   546 | D        | Reached skill level 7 in Fighting
   546 | D        | Reached XP level 6. HP: 49/55 MP: 2/8
   547 | D        | Killed a porcupine
   547 | D        | Reached skill level 5 in Armour
   850 | D        | Entered arena 4.
   850 | D        | Noticed a water moccasin
   850 | D        | Noticed a water moccasin
   850 | D        | Noticed a water moccasin
   854 | D        | Killed a water moccasin
   854 | D        | Reached skill level 8 in Fighting
   855 | D        | Killed a water moccasin
   855 | D        | Gained mutation: You have a pair of small horns on your head. [demonic ancestry]
   855 | D        | Reached XP level 7. HP: 59/62 MP: 7/10
   857 | D        | Reached skill level 5 in Axes
   857 | D        | Reached skill level 5 in Shields
   857 | D        | Reached skill level 5 in Invocations
   866 | D        | Entered arena 5.
   866 | D        | Noticed a yaktaur
   866 | D        | Noticed a yaktaur
   872 | D        | Killed a yaktaur
   872 | D        | Reached skill level 9 in Fighting
   872 | D        | Reached XP level 8. HP: 63/71 MP: 9/12
   872 | D        | Identified a +3 rod of clouds (6/12)
   874 | D        | Killed a yaktaur
  1100 | D        | Entered arena 6.
  1100 | D        | Noticed a slime creature
  1100 | D        | Noticed a shining eye
  1100 | D        | Noticed a slime creature
  1107 | D        | Killed a slime creature
  1107 | D        | Killed a slime creature
  1107 | D        | Reached skill level 10 in Fighting
  1107 | D        | Gained mutation: You are partially covered in sharp spines. [demonic ancestry]
  1107 | D        | Reached XP level 9. HP: 78/78 MP: 5/13
  1108 | D        | Killed a shining eye
  1271 | D        | Reached *** piety under Hepliaklqana
  1271 | D        | Entered arena 7.
  1271 | D        | Noticed a naga mage
  1280 | D        | Killed a naga mage
  1281 | D        | Reached skill level 5 in Unarmed Combat
  1286 | D        | Identified the Disquisition on Captivating Contamination (You found it in the Dungeon)
  1295 | D        | Entered arena 8.
  1295 | D        | Noticed a rime drake
  1295 | D        | Noticed a rime drake
  1303 | D        | Killed a rime drake
  1303 | D        | Reached skill level 10 in Dodging
  1307 | D        | Reached skill level 11 in Fighting
  1311 | D        | Killed a rime drake
  1311 | D        | Gained mutation: When hurt, damage is shared between your health and your magic reserves. [demonic ancestry]
  1311 | D        | Reached XP level 10. HP: 52/87 MP: 14/14
  1455 | D        | Entered arena 9.
  1474 | D        | Got the ring "Fusoick" {SInv Stlth+}
  1480 | D        | Entered arena 10.
  1499 | D        | Got the ring "Lyn Julo" {rC+ Stlth-}
  1505 | D        | Entered arena 11.
  1505 | D        | Noticed a mummy priest
  1507 | D        | Noticed a greater mummy
  1507 | D        | Noticed a mummy priest
  1507 | D        | Noticed a mummy priest
  1508 | D        | Noticed an orange demon
  1511 | D        | Noticed a shadow wraith
  1515 | D        | Killed a mummy priest
  1515 | D        | Reached skill level 10 in Armour
  1516 | D        | Noticed a sun demon
  1518 | D        | Killed a mummy priest
  1518 | D        | Killed by a mummy priest's death curse

Vault maps used:
D:        sprint_v

Skill      XL: |  1  2  3  4  5  6  7  8  9 10 |
---------------+-------------------------------+-----
Fighting       | 4 5 6 7 8 9 10 11 | 11.9
Armour         | 1 2 3 4 5 6 8 9 10 | 10.2
Dodging        | 3 4 5 6 7 8 9 10 | 10.9
Invocations    | 2 3 4 6 |  6.5
Axes           | 2 3 4 6 7 8 9 |  9.7
Shields        | 2 3 4 6 7 8 9 |  9.7
Unarmed Combat | 4 5 6 |  6.1
Stealth        | |  1.7

Action                   |  1- 3 |  4- 6 |  7- 9 | 10-12 || total
-------------------------+-------+-------+-------+-------++-------
Melee: Broad axe         |     7 |     8 |    28 |    23 ||    66
       Headbutt          |       |       |    11 |     6 ||    17
Invok: Ancestor Life: Kn |     1 |       |       |       ||     1
       Recall Ancestor   |       |     2 |     3 |     3 ||     8
  Use: Potion            |       |       |       |     1 ||     1
 Stab: Distracted        |       |       |     1 |     1 ||     2
  Eat: Chunk             |       |       |       |     2 ||     2
Armor: Plate armour      |     5 |    13 |    18 |    13 ||    49
Dodge: Dodged            |       |     4 |     9 |    10 ||    23
Block: Shield            |    11 |    22 |    53 |    51 ||   137
